 Dungeon Crawl Stone Soup version 0.23.1 (webtiles) character file.

Game seed: 18248419711423339684

408 Marnok the Skirmisher (level 7, -1/82 HPs)
             Began as a Human Berserker on Mar 16, 2019.
             Was a Priest of Trog.
             Slain by an adder (3 damage)
             ... in a sewer.
             The game lasted 00:17:37 (3005 turns).

Marnok the Skirmisher (Human Berserker)             Turns: 3005, Time: 00:17:38

Health: -1/82      AC:  3    Str: 23    XL:     7   Next: 13%
Magic:  7/7        EV: 13    Int:  7    God:    Trog [***...]
Gold:   67         SH:  0    Dex: 14    Spells: 6/6 levels left

rFire    . . .     SeeInvis .   e - +0 whip (distort)
rCold    . . .     Gourm    .   (no shield)
rNeg     . . .     Faith    .   b - +0 animal skin
rPois    +         Spirit   .   d - +0 hat
rElec    .         Reflect  .   o - +0 cloak {+Inv}
rCorr    .         Harm     .   (no gloves)
MR       .....                  (no boots)
Stlth    ..........             (no amulet)
HPRegen  0.23/turn              r - ring of stealth
MPRegen  0.10/turn              q - ring of poison resistance

@: berserking (expiring), lethally poisoned (-1 -> -5), quick
A: no striking features
a: Berserk, Trog's Hand, Renounce Religion, Evoke Invisibility


You were in a sewer.
You worshipped Trog.
Trog was most pleased with you.
You were not hungry.

You visited 1 branch of the dungeon, and saw 4 of its levels.
You also visited: Sewer.

You collected 67 gold pieces.

Inventory:

Hand Weapons
 a - a +0 falchion
 e - a +0 whip of distortion (weapon)
 l - a +2 short sword of draining
Armour
 b - a +0 animal skin (worn)
 d - a +0 hat (worn)
 o - a +0 cloak of invisibility (worn)
Jewellery
 h - an uncursed ring of ice
 q - a ring of poison resistance (right hand)
 r - a ring of stealth (left hand)
Scrolls
 g - 2 scrolls of fear {unknown}
 i - a scroll of remove curse {unknown}
 j - 2 scrolls of magic mapping
 m - a scroll of amnesia {unknown}
 n - a scroll of enchant armour {unknown}
 u - a scroll of enchant weapon {unknown}
 v - a scroll of fog {unknown}
Potions
 p - a potion of might {unknown}
 s - 2 potions of haste {unknown}
 t - a potion of cancellation {unknown}
Comestibles
 c - 9 rations
 f - 2 chunks of flesh


   Skills:
 + Level 4.4 Fighting
 + Level 3.3 Long Blades
 + Level 3.9 Maces & Flails
 + Level 2.3 Armour
 + Level 3.4 Dodging
 + Level 2.2 Stealth


You had 6 spell levels left.
You didn't know any spells.
Your spell library was empty.

Dungeon Overview and Level Annotations

Branches:
Dungeon (4/15)
 Temple: D:4-7

Altars:


Message History

Your unstable footing causes you to fumble your attack.
You feel sick. The adder bites you.
* * * LOW HITPOINT WARNING * * *
The ball python loses its grip on you. The bullfrog completely misses you.
You are too berserk!
You hit the adder.
You kill the adder!
Trog accepts your kill. The adder barely misses you. The adder bites you.
* * * LOW HITPOINT WARNING * * *
Your unstable footing causes you to fumble your attack.
The bullfrog misses you. The ball python closely misses you.
The ball python grabs you. The ball python constricts you.
Okay, then.
You whack the ball python!
You kill the ball python!
Trog accepts your kill.
* * * LOW HITPOINT WARNING * * *
You feel sick. The adder bites you.
You die...

####################
..≈≈≈≈≈≈lS@≈≈≈≈≈≈..###
.≈≈≈≈≈≈≈lFS#≈≈≈≈≈≈...##
.≈≈≈≈≈≈≈≈S#≈≈≈≈≈≈≈....#
..≈≈≈≈≈≈≈≈≈≈≈≈≈≈≈≈....#
..≈≈≈≈≈≈≈≈≈≈≈≈≈≈≈.....##
..≈≈≈≈≈≈≈≈≈≈≈≈≈≈≈#.....#
###################...÷#
####...## #..#....#


You could see a bullfrog, 2 adders, a ball python and 2 frilled lizards.

Vanquished Creatures
  3 orc priests (D:3)
  11 adders
  5 river rats (Sewer)
  2 oozes (D:1)
  A worm (D:2)
  6 dart slugs
  2 leopard geckos
  6 orcs (D:3)
  10 ball pythons
  5 bats
  8 giant cockroaches
  5 goblins
  8 hobgoblins
  A quokka (D:2)
  5 frilled lizards (D:1)
  10 kobolds
  25 rats
113 creatures vanquished.

Vanquished Creatures (others)
  A bullfrog (Sewer)
  A river rat (Sewer)
  A worm (D:2)
  2 giant cockroaches (D:4)
5 creatures vanquished.

Grand Total: 118 creatures vanquished

Notes
Turn   | Place    | Note
-------+----------+-------------------------------------------
     0 | D:1      | Marnok the Human Berserker began the quest for the Orb.
     0 | D:1      | Reached XP level 1. HP: 18/18 MP: 1/1
   463 | D:3      | Reached XP level 2. HP: 24/24 MP: 2/2
   742 | D:1      | Reached XP level 3. HP: 28/29 MP: 3/3
  1007 | D:1      | Reached ** piety under Trog
  1015 | D:1      | Reached XP level 4. HP: 34/37 MP: 4/4
  1057 | D:1      | Reached skill level 1 in Maces & Flails
  1337 | D:2      | Reached skill level 1 in Stealth
  1663 | D:2      | Reached XP level 5. HP: 40/42 MP: 5/5
  1934 | D:3      | Reached skill level 4 in Fighting
  1948 | D:3      | Reached XP level 6. HP: 41/48 MP: 6/6
  2145 | D:4      | Found a glowing drain.
  2166 | Sewer    | Entered a sewer
  2217 | Sewer    | Reached *** piety under Trog
  3001 | Sewer    | Reached XP level 7. HP: 11/55 MP: 7/7
  3003 | Sewer    | HP: 3/82 [adder (2)]
  3005 | Sewer    | Slain by an adder

Skill      XL: |  1  2  3  4  5  6 |
---------------+-------------------+-----
Maces & Flails | 1 2 3 |  3.9
Stealth        | 1 2 |  2.2
Fighting       | 4 |  4.4
Dodging        | 3 |  3.4
Long Blades    | |  3.3
Armour         | |  2.3

Action                   |  1- 3 |  4- 6 |  7- 9 || total
-------------------------+-------+-------+-------++-------
Melee: Whip              |    68 |   232 |     4 ||   304
       Falchion          |     1 |       |       ||     1
Invok: Berserk           |       |     2 |       ||     2
  Use: Potion            |       |     4 |       ||     4
       Scroll            |       |     3 |       ||     3
 Stab: Sleeping          |       |     1 |       ||     1
       Distracted        |       |     1 |       ||     1
  Eat: Chunk             |       |     9 |       ||     9
Armor: Animal skin       |    19 |    54 |       ||    73
Dodge: Dodged            |    47 |   216 |     6 ||   269
